AoeStats
← TheQuietRiot

Arena

506923122Analyzed
1v1 RM · 17d ago on Sep 15, 2026· 34m 0s· 2 players
Game mode
Random Map
Map size
Tiny (2 player)
Population
200
Speed
Normal
Resources
Standard
Victory
Conquest
Starting age
Dark Age
Ending age
Imperial Age
RankedLock teamsTeams togetherTeam positionsShared explorationLock speedFull tech treeHidden civsTurbo modeCheats
Victory
Defeat
🇪🇸 Japanese · Spain
995
+16
🇬🇧 Britons · United Kingdom
998
-16
Fernandez Sama
10:29 Feudal Age
14:08 Castle Age
12:13 Loom
12:53 Double-Bit Axe
15:24 Wheelbarrow
15:04 Bow Saw
15:31 Horse Collar
17:48 Heavy Plow
20:08 Hand Cart
20:54 Scale Mail Armor
21:46 Forging
24:43 Chain Mail Armor
24:26 Gambesons
25:59 Squires
26:13 Arson
28:18 Iron Casting
32:35 Town Watch
TheQuietRiot
9:31 Feudal Age
9:01 Loom
12:37 Loom
16:00 Castle Age
14:03 Double-Bit Axe
14:05 Horse Collar
16:52 Gold Mining
16:53 Stone Mining
17:54 Wheelbarrow
17:46 Bow Saw
17:38 Heavy Plow
21:29 Fletching
22:47 Bodkin Arrow
24:51 Ballistics
30:21 Hand Cart
32:07 Town Watch
33:05 Yeomen
32:48 Padded Archer Armor
Connection lost

Rejoining the realm…

Still unreachable

The connection could not be restored.

Session expired

The server has moved on; the page needs a fresh start.